ITL
BLUEVILLE 83'S @ AMARILLO ARCHDUKES
09/26/2027
 
TOP OF THE 1ST
Blueville 83's batting - Pitching for Amarillo Archdukes : RHP Raymond Gregg
Pitching: RHP Raymond Gregg
Batting: SHB Caden Keith 0-0: Ball
1-0: Fly out, F3 (Line Drive, 3)
Batting: RHB Matt Perkins 0-0: Called Strike
0-1: Ball
1-1: Called Strike
1-2: Ball
2-2: Strikes out looking
Batting: RHB Gernot Renner 0-0: Ball
1-0: Ground out 6-3 (Groundball, 6)
Top of the 1st over - 0 run(s), 0 hit(s), 0 error(s), 0 left on base; Blueville 0 - Amarillo 0
BOTTOM OF THE 1ST
Amarillo Archdukes batting - Pitching for Blueville 83's : RHP Gary Grimes
Pitching: RHP Gary Grimes
Batting: LHB Jorge Martínez 0-0: Ball
1-0: Ball
2-0: Ball
3-0: Called Strike
3-1: Fly out, F3 (Line Drive, 3S)
Batting: RHB Jorge Espinosa 0-0: Called Strike
0-1: Ball
1-1: Foul Ball, location: 2F
1-2: Ground out 6-3 (Groundball, 6M)
Batting: LHB Michael Cook 0-0: Called Strike
0-1: Ball
1-1: Ball
2-1: Ball
3-1: Base on Balls
Batting: RHB Norm Francis 0-0: Ball
1-0: SINGLE (Line Drive, 56D)
Michael Cook to second
Batting: LHB Edwin Ryan 0-0: Ball
1-0: Ground out 3-1 (Groundball, 34S)
Bottom of the 1st over - 0 run(s), 1 hit(s), 0 error(s), 2 left on base; Blueville 0 - Amarillo 0
TOP OF THE 2ND
Blueville 83's batting - Pitching for Amarillo Archdukes : RHP Raymond Gregg
Batting: SHB Jack Fountain 0-0: Foul Ball, location: 2F
0-1: Foul Ball, location: 2F
0-2: Foul Ball, location: 2F
0-2: Ball
1-2: Ball
2-2: Foul Ball, location: 2F
2-2: Fly out, F9 (Flyball, 89XD)
Batting: RHB Barney Lawson 0-0: Ball
1-0: SINGLE (Groundball, 56D)
Batting: LHB Ricardo Romero 0-0: Called Strike
0-1: Swinging Strike
0-2: Ball
1-2: Strikes out swinging
Batting: LHB Ron Robinson 0-0: Called Strike
0-1: Ball
1-1: DOUBLE (Line Drive, 78M)
Barney Lawson to third
Batting: LHB Jacob Wright 0-0: Ball
1-0: Called Strike
1-1: Swinging Strike
1-2: Ground out U3 (Groundball, 3L)
Top of the 2nd over - 0 run(s), 2 hit(s), 0 error(s), 2 left on base; Blueville 0 - Amarillo 0
BOTTOM OF THE 2ND
Amarillo Archdukes batting - Pitching for Blueville 83's : RHP Gary Grimes
Batting: RHB Roberto García 0-0: Fly out, F7 (Flyball, 7)
Batting: LHB Pedro Díaz 0-0: Called Strike
0-1: Foul Ball, location: 2F
0-2: SOLO HOME RUN (Flyball, 9D), Distance : 361 ft
Batting: RHB Herb Bunch 0-0: Ball
1-0: Ball
2-0: Ball
3-0: Called Strike
3-1: Called Strike
3-2: Strikes out swinging
Batting: RHB José Ruíz 0-0: Ball
1-0: Foul Ball, location: 2F
1-1: Called Strike
1-2: Ground out 5-3 (Groundball, 56S)
Bottom of the 2nd over - 1 run(s), 1 hit(s), 0 error(s), 0 left on base; Blueville 0 - Amarillo 1
TOP OF THE 3RD
Blueville 83's batting - Pitching for Amarillo Archdukes : RHP Raymond Gregg
Batting: RHB Dallas Blair 0-0: Called Strike
0-1: Ground out 6-3 (Groundball, 56D)
Batting: SHB Caden Keith 0-0: Ball
1-0: Foul Ball, location: 2F
1-1: Swinging Strike
1-2: Foul Ball, location: 2F
1-2: SINGLE (Groundball, 56) (infield hit)
Batting: RHB Matt Perkins 0-0: Ball
Caden Keith steals 2nd base
1-0: Ball
2-0: Ground out 6-3 (Groundball, 56)
Batting: RHB Gernot Renner 0-0: Called Strike
0-1: Ball
1-1: Ball
2-1: Foul Ball, location: 2F
2-2: Strikes out swinging
Top of the 3rd over - 0 run(s), 1 hit(s), 0 error(s), 1 left on base; Blueville 0 - Amarillo 1
BOTTOM OF THE 3RD
Amarillo Archdukes batting - Pitching for Blueville 83's : RHP Gary Grimes
Batting: LHB Jorge Martínez 0-0: Ball
1-0: Called Strike
1-1: Reached on error, E4 (Line Drive, 4)
Batting: RHB Jorge Espinosa 0-0: Called Strike
0-1: SINGLE (Line Drive, 8RS)
Jorge Martínez to second
Batting: LHB Michael Cook 0-0: Ball
1-0: Ball
2-0: Called Strike
2-1: SINGLE (Groundball, 4MD)
Jorge Martínez to third
Jorge Espinosa to second
Batting: RHB Norm Francis 0-0: Ball
1-0: Grounds into double play, 4-6-3 (Groundball, 4)
Jorge Martínez scores
Jorge Espinosa to third
Batting: LHB Edwin Ryan 0-0: Ball
1-0: Ground out 6-3 (Groundball, 6)
Bottom of the 3rd over - 1 run(s), 2 hit(s), 1 error(s), 1 left on base; Blueville 0 - Amarillo 2
TOP OF THE 4TH
Blueville 83's batting - Pitching for Amarillo Archdukes : RHP Raymond Gregg
Batting: SHB Jack Fountain 0-0: Foul Ball, location: 2F
0-1: Ball
1-1: Fly out, F3 (Popup, 3S)
Batting: RHB Barney Lawson 0-0: Ball
1-0: DOUBLE (Line Drive, 8LD)
Batting: LHB Ricardo Romero 0-0: SINGLE (Line Drive, 7S)
Barney Lawson to third
Runner from 3rd tries for Home, SAFE, throw made home
Batting: LHB Ron Robinson 0-0: Ground out 4-3 (Groundball, 34)
Ricardo Romero to second
Batting: LHB Jacob Wright 0-0: Called Strike
0-1: Ball
1-1: Ball
2-1: Ball
3-1: Base on Balls
Batting: RHB Dallas Blair 0-0: SINGLE (Groundball, 56D)
Ricardo Romero to third
Jacob Wright to second
Runner from 3rd tries for Home, SAFE, throw made at trailing runner, OUT at third!
Top of the 4th over - 2 run(s), 3 hit(s), 0 error(s), 1 left on base; Blueville 2 - Amarillo 2
BOTTOM OF THE 4TH
Amarillo Archdukes batting - Pitching for Blueville 83's : RHP Gary Grimes
Batting: RHB Roberto García 0-0: Foul Ball, location: 2F
0-1: Called Strike
0-2: Foul Ball, location: 2F
0-2: Ball
1-2: Strikes out swinging
Batting: LHB Pedro Díaz 0-0: Ball
1-0: Foul Ball, location: 2F
1-1: Swinging Strike
1-2: Strikes out swinging
Batting: RHB Herb Bunch 0-0: Ball
1-0: Called Strike
1-1: Ball
2-1: Foul Ball, location: 2F
2-2: Strikes out swinging
Bottom of the 4th over - 0 run(s), 0 hit(s), 0 error(s), 0 left on base; Blueville 2 - Amarillo 2
TOP OF THE 5TH
Blueville 83's batting - Pitching for Amarillo Archdukes : RHP Raymond Gregg
Batting: SHB Caden Keith 0-0: Ball
1-0: Ball
2-0: Ground out 4-3 (Groundball, 4)
Batting: RHB Matt Perkins 0-0: Ball
1-0: Called Strike
1-1: Ball
2-1: Ground out 6-3 (Groundball, 6)
Batting: RHB Gernot Renner 0-0: Called Strike
0-1: Ball
1-1: Ball
2-1: Swinging Strike
2-2: Ball
3-2: Foul Ball, location: 2F
3-2: SOLO HOME RUN (Flyball, 7D), Distance : 346 ft
Batting: SHB Jack Fountain 0-0: Called Strike
0-1: Called Strike
0-2: Ball
1-2: Strikes out swinging
Top of the 5th over - 1 run(s), 1 hit(s), 0 error(s), 0 left on base; Blueville 3 - Amarillo 2
BOTTOM OF THE 5TH
Amarillo Archdukes batting - Pitching for Blueville 83's : RHP Gary Grimes
Batting: RHB José Ruíz 0-0: Ball
1-0: Fly out, F9 (Flyball, 9)
Batting: LHB Jorge Martínez 0-0: Foul Ball, location: 2F
0-1: Fly out, F3 (Popup, 34S)
Batting: RHB Jorge Espinosa 0-0: Called Strike
0-1: Ball
1-1: Foul Ball, location: 2F
1-2: Fly out, F2 (Popup, 25)
Bottom of the 5th over - 0 run(s), 0 hit(s), 0 error(s), 0 left on base; Blueville 3 - Amarillo 2
TOP OF THE 6TH
Blueville 83's batting - Pitching for Amarillo Archdukes : RHP Raymond Gregg
Batting: RHB Barney Lawson 0-0: Ball
1-0: Called Strike
1-1: Ball
2-1: Swinging Strike
2-2: Fly out, F6 (Line Drive, 6)
Batting: LHB Ricardo Romero 0-0: Ball
1-0: Ball
2-0: Called Strike
2-1: SOLO HOME RUN (Flyball, 9D), Distance : 340 ft
Batting: LHB Ron Robinson 0-0: Called Strike
0-1: Swinging Strike
0-2: Strikes out looking
Batting: LHB Jacob Wright 0-0: Ball
1-0: Ball
2-0: Ball
3-0: Called Strike
3-1: Foul Ball, location: 2F
3-2: Base on Balls
Pitching: RHP Brian Hull
Batting: RHB Dallas Blair 0-0: Ball
1-0: Foul Ball, location: 2F
1-1: SINGLE (Groundball, 6MD)
Jacob Wright to second
Batting: SHB Caden Keith 0-0: Called Strike
0-1: TRIPLE (Line Drive, 7LM)
Jacob Wright scores
Dallas Blair scores
Batting: RHB Matt Perkins 0-0: Ball
1-0: TRIPLE (Line Drive, 3L)
Caden Keith scores
Batting: RHB Gernot Renner 0-0: Swinging Strike
0-1: Called Strike
0-2: Strikes out swinging
Top of the 6th over - 4 run(s), 4 hit(s), 0 error(s), 1 left on base; Blueville 7 - Amarillo 2
BOTTOM OF THE 6TH
Amarillo Archdukes batting - Pitching for Blueville 83's : RHP Gary Grimes
Batting: LHB Michael Cook 0-0: Ball
1-0: Foul Ball, location: 2F
1-1: Swinging Strike
1-2: Foul Ball, location: 2F
1-2: Ball
2-2: Ball
3-2: Strikes out looking
Batting: RHB Norm Francis 0-0: Ball
1-0: Swinging Strike
1-1: Foul Ball, location: 2F
1-2: Fly out, F5 (Popup, 5S)
Batting: LHB Edwin Ryan 0-0: Foul Ball, location: 2F
0-1: Ball
1-1: Swinging Strike
1-2: Ball
2-2: Strikes out swinging
Bottom of the 6th over - 0 run(s), 0 hit(s), 0 error(s), 0 left on base; Blueville 7 - Amarillo 2
TOP OF THE 7TH
Blueville 83's batting - Pitching for Amarillo Archdukes : RHP Brian Hull
Batting: SHB Jack Fountain 0-0: Swinging Strike
0-1: Fly out, F4 (Popup, 34D)
Batting: RHB Barney Lawson 0-0: Ball
1-0: Fly out, F8 (Flyball, 8LD)
Batting: LHB Ricardo Romero 0-0: Ball
1-0: Called Strike
1-1: Ball
2-1: Fly out, F8 (Flyball, 8LS)
Top of the 7th over - 0 run(s), 0 hit(s), 0 error(s), 0 left on base; Blueville 7 - Amarillo 2
BOTTOM OF THE 7TH
Amarillo Archdukes batting - Pitching for Blueville 83's : RHP Gary Grimes
Batting: RHB Roberto García 0-0: Called Strike
0-1: Foul Ball, location: 2F
0-2: Strikes out swinging
Batting: LHB Pedro Díaz 0-0: Ball
1-0: Foul Ball, location: 2F
1-1: Fly out, F7 (Flyball, 7S)
Batting: RHB Herb Bunch 0-0: Ball
1-0: Ball
2-0: Called Strike
2-1: Swinging Strike
2-2: Foul Ball, location: 2F
2-2: Foul Ball, location: 2F
2-2: Strikes out looking
Bottom of the 7th over - 0 run(s), 0 hit(s), 0 error(s), 0 left on base; Blueville 7 - Amarillo 2
TOP OF THE 8TH
Blueville 83's batting - Pitching for Amarillo Archdukes : RHP Brian Hull
Batting: LHB Ron Robinson 0-0: Called Strike
0-1: Fly out, F7 (Flyball, 7LM)
Batting: LHB Jacob Wright 0-0: Ball
1-0: Called Strike
1-1: Swinging Strike
1-2: Strikes out swinging
Batting: RHB Dallas Blair 0-0: Called Strike
0-1: Swinging Strike
0-2: Strikes out looking
Top of the 8th over - 0 run(s), 0 hit(s), 0 error(s), 0 left on base; Blueville 7 - Amarillo 2
BOTTOM OF THE 8TH
Amarillo Archdukes batting - Pitching for Blueville 83's : RHP Gary Grimes
Pitching: RHP Félix Rivera
Batting: RHB José Ruíz 0-0: Foul Ball, location: 2F
0-1: Ball
1-1: Foul Ball, location: 2F
1-2: Ball
2-2: Foul Ball, location: 2F
2-2: Strikes out swinging
Batting: LHB Jorge Martínez 0-0: Ball
1-0: Foul Ball, location: 2F
1-1: Foul Ball, location: 2F
1-2: Foul Ball, location: 2F
1-2: SINGLE (Groundball, 6D)
Batting: RHB Jorge Espinosa 0-0: Swinging Strike
0-1: Ball
1-1: Called Strike
1-2: Grounds into double play, 6-4-3 (Groundball, 6)
Bottom of the 8th over - 0 run(s), 1 hit(s), 0 error(s), 0 left on base; Blueville 7 - Amarillo 2
TOP OF THE 9TH
Blueville 83's batting - Pitching for Amarillo Archdukes : RHP Brian Hull
Batting: SHB Caden Keith 0-0: Ball
1-0: Fly out, F7 (Flyball, 7LS)
Batting: RHB Matt Perkins 0-0: Ball
1-0: Called Strike
1-1: Ball
2-1: Ball
3-1: SINGLE (Flyball, 8RS)
Batting: RHB Gernot Renner 0-0: Foul Ball, location: 2F
0-1: Ball
1-1: Ball
2-1: Ball
3-1: Called Strike
3-2: Foul Ball, location: 2F
3-2: Foul Ball, location: 2F
3-2: Foul Ball, location: 2F
3-2: Fly out, F9 (Flyball, 9)
Batting: SHB Jack Fountain 0-0: Called Strike
0-1: Called Strike
0-2: Ball
1-2: Fly out, F8 (Flyball, 8LS)
Top of the 9th over - 0 run(s), 1 hit(s), 0 error(s), 1 left on base; Blueville 7 - Amarillo 2
BOTTOM OF THE 9TH
Amarillo Archdukes batting - Pitching for Blueville 83's : RHP Félix Rivera
Batting: LHB Michael Cook 0-0: Ball
1-0: Called Strike
1-1: Foul Ball, location: 2F
1-2: SINGLE (Groundball, 34D)
Batting: RHB Norm Francis 0-0: Ball
1-0: Called Strike
1-1: Ball
2-1: Swinging Strike
2-2: Fly out, F9 (Flyball, 9S)
Batting: LHB Edwin Ryan 0-0: Called Strike
0-1: Ball
1-1: TRIPLE (Line Drive, 89M)
Michael Cook scores
Pitching: LHP Pierre Dumont
Batting: RHB Roberto García 0-0: Ball
1-0: Ball
2-0: Fly out, F9 (Flyball, 9)
Runner from 3rd tags up, SCORES, throw made
Batting: LHB Pedro Díaz 0-0: Called Strike
0-1: Ball
1-1: Called Strike
1-2: Strikes out swinging
Bottom of the 9th over - 2 run(s), 2 hit(s), 0 error(s), 0 left on base; Blueville 7 - Amarillo 4
Thursday, March 30th, 2017 - OOTP Baseball 17.12 Build 75